AoeStats
← MeisolMLG

Arena

508544776Analyzed
3v3 RM · 8d ago on Sep 23, 2026· 58m 32s· 6 players
Game mode
Random Map
Map size
Normal (6 player)
Population
200
Speed
Normal
Resources
Standard
Victory
Conquest
Starting age
Dark Age
Ending age
Imperial Age
RankedLock teamsTeams togetherTeam positionsShared explorationLock speedFull tech treeHidden civsTurbo modeCheats
Victory
Defeat
🇨🇱 Mapuche · Chile
792
+17
🇨🇴 Bohemians · Colombia
772
+18
🇺🇸 Danes · United States
751
+19
🇺🇸 Italians · United States
873
-20
🇲🇽 Magyars · Mexico
872
-21
🇦🇷 Bohemians · Argentina
704
-13
Strive4Richs601
13:28 Feudal Age
20:20 Castle Age
18:22 Double-Bit Axe
18:43 Horse Collar
20:52 Arson
20:56 Gambesons
21:11 Squires
20:34 Pikeman
26:57 Scale Mail Armor
29:56 Fletching
38:55 Gold Mining
39:09 Heavy Plow
42:04 Bow Saw
41:49 Stone Mining
43:50 Caravan
44:07 Forging
44:13 Chain Mail Armor
43:54 Bodkin Arrow
43:24 Hamask
44:20 Murder Holes
45:18 Wheelbarrow
44:31 Town Watch
51:01 Imperial Age
49:22 Hand Cart
50:58 Masonry
52:09 Halberdier
52:41 Elite Varangian Guard
55:30 Town Patrol
56:27 Loom
MeisolMLG
0:27 Loom
10:56 Feudal Age
11:31 Double-Bit Axe
11:27 Horse Collar
12:31 Wheelbarrow
20:01 Castle Age
20:52 Bow Saw
20:44 Heavy Plow
25:34 Hand Cart
25:05 Town Watch
25:59 Pikeman
29:24 Chemistry
32:51 Imperial Age
32:45 Padded Archer Armor
32:36 Fletching
37:39 Bodkin Arrow
37:59 Leather Archer Armor
37:55 Forging
37:45 Scale Mail Armor
39:09 Houfnice
39:57 Wagenburg Tactics
40:11 Halberdier
44:33 Man-at-Arms
45:14 Squires
44:59 Arson
45:06 Arrowslits
45:38 Long Swordsman
48:58 Two-Handed Swordsman
49:58 Champion
52:28 Masonry
52:24 Siege Engineers
52:59 Iron Casting
52:39 Chain Mail Armor
52:25 Bracer
52:55 Ring Archer Armor
Tu odio me fortalece
0:28 Loom
10:29 Feudal Age
11:59 Double-Bit Axe
12:28 Horse Collar
15:34 Gold Mining
17:28 Stone Mining
21:38 Castle Age
19:43 Champi Runner
20:10 Arson
20:56 Forging
20:46 Scale Mail Armor
21:58 Padded Archer Armor
23:26 Wheelbarrow
22:37 Town Watch
23:24 Bow Saw
24:45 Champi Warrior
26:22 Pikeman
27:02 Treadmill Crane
27:38 Town Patrol
28:13 Hand Cart
28:14 Heavy Plow
29:12 Iron Casting
28:52 Chain Mail Armor
30:00 Caravan
30:00 Murder Holes
30:42 Fletching
31:08 Leather Archer Armor
32:05 Stone Shaft Mining
34:02 Gold Shaft Mining
34:33 Ballistics
34:24 Masonry
39:23 Imperial Age
39:24 Bodkin Arrow
41:52 Blast Furnace
41:22 Plate Mail Armor
41:23 Ring Archer Armor
40:23 Halberdier
41:34 Crop Rotation
42:39 Conscription
42:35 Elite Champi Warrior
42:44 Capped Ram
43:02 Elite Skirmisher
44:49 Elite Kona
46:06 Hoardings
46:54 Chemistry
48:00 Butalmapu
47:56 Malon
48:13 Malon
49:41 Elite Bolas Rider
49:57 Onager
52:47 Bombard Tower
52:12 Arrowslits
52:33 Siege Engineers
52:59 Architecture
56:19 Crossbowman
mrusuario0001
1:21 Loom
12:23 Feudal Age
13:00 Double-Bit Axe
12:57 Horse Collar
13:09 Gold Mining
16:15 Wheelbarrow
20:57 Castle Age
22:14 Hand Cart
22:36 Gold Shaft Mining
22:12 Bow Saw
23:11 Caravan
23:36 Stone Mining
24:57 Heavy Plow
26:08 Fervor
31:48 Man-at-Arms
32:15 Arson
32:55 Corvinian Army
35:03 Scale Barding Armor
37:04 Chain Barding Armor
37:48 Long Swordsman
39:38 Fletching
41:14 Thumb Ring
41:58 Ballistics
41:02 Crossbowman
Optimus Crime
1:50 Loom
11:55 Feudal Age
12:44 Double-Bit Axe
17:55 Castle Age
16:24 Gold Mining
23:23 Scale Barding Armor
26:43 Wheelbarrow
26:39 Horse Collar
27:29 Padded Archer Armor
27:21 Fletching
32:09 Imperial Age
29:51 Stone Mining
30:19 Bodkin Arrow
31:06 Bow Saw
32:43 Leather Archer Armor
32:41 Forging
33:48 Hand Cart
34:29 Heavy Plow
36:08 Town Watch
37:34 Chemistry
36:54 Ballistics
36:46 Masonry
36:47 Fortified Wall
38:33 Conscription
38:49 Hoardings
39:49 Two-Man Saw
40:14 Light Cavalry
41:04 Bloodlines
40:55 Husbandry
43:15 Ring Archer Armor
43:07 Chain Barding Armor
44:27 Crop Rotation
45:45 Hussar
47:04 Plate Barding Armor
47:04 Iron Casting
46:30 Bracer
47:35 Thumb Ring
46:51 Crossbowman
50:34 Blast Furnace
49:15 Arbalester
ageVG24
12:17 Feudal Age
14:21 Loom
17:16 Castle Age
15:06 Double-Bit Axe
15:23 Horse Collar
18:36 Wheelbarrow
17:48 Town Watch
18:54 Bow Saw
19:12 Heavy Plow
21:03 Pikeman
26:10 Fervor
28:23 Hand Cart
28:09 Town Patrol
29:40 Fletching
30:02 Forging
29:53 Scale Mail Armor
36:44 Imperial Age
37:36 Chemistry
36:34 Murder Holes
36:50 Fortified Wall
38:57 Conscription
38:47 Wagenburg Tactics
38:51 Elite Hussite Wagon
39:37 Houfnice
Connection lost

Rejoining the realm…

Still unreachable

The connection could not be restored.

Session expired

The server has moved on; the page needs a fresh start.